 Dungeon Crawl Stone Soup version 0.22-a0-480-g991dd4b (webtiles) character file.

21 epen the Ducker (level 2, -15/16 HPs)
             Began as a Spriggan Berserker on June 16, 2018.
             Killed by the fiery rage of Trog (31 damage)
             ... on level 1 of the Dungeon.
             The game lasted 00:01:11 (552 turns).

epen the Ducker (Spriggan Berserker)                 Turns: 552, Time: 00:01:12

Health: -15/16     AC:  2    Str: 13    XL:     2   Next: 62%
Magic:  3/3        EV: 20    Int:  8    God:
Gold:   27         SH:  0    Dex: 15    Spells: 1/1 levels left

rFire    . . .     SeeInvis +   a - +0 short sword
rCold    . . .     Gourm    .   (shield restricted)
rNeg     . . .     Faith    .   b - +0 animal skin
rPois    .         Spirit   .   (helmet restricted)
rElec    .         Reflect  .   (no cloak)
rCorr    .         Harm     .   (gloves unavailable)
MR       .....                  (boots unavailable)
Stlth    +.........             (no amulet)
HPRegen  0.05/turn              (no ring)
MPRegen  0.08/turn              (no ring)

@: very quick
A: very small, unfitting armour, see invisible, herbivore, speed 3, slow
metabolism 2
a: no special abilities


You were on level 1 of the Dungeon.
You were not hungry.

You visited 1 branch of the dungeon, and saw 2 of its levels.

You collected 27 gold pieces.

Inventory:

Hand Weapons
 a - a +0 short sword (weapon)
Armour
 b - a +0 animal skin (worn)
Scrolls
 d - a scroll of remove curse {unknown}
 e - a scroll of identify {unknown}
Potions
 f - a potion of lignification {unknown}
Comestibles
 c - 3 rations


   Skills:
 + Level 2.7 Fighting
 + Level 3.8 Short Blades
 + Level 4.7 Dodging


You had one spell level left.
You didn't know any spells.
Your spell library was empty.

Dungeon Overview and Level Annotations

Branches:
Dungeon (2/15)

Altars:
Ashenzari


Innate Abilities, Weirdness & Mutations

You are very small and have problems with some larger weapons.
You are too small for most types of armour.
You have supernaturally acute eyesight. (SInv)
You are a herbivore.
You cover ground extremely quickly.
You need to consume almost no food.


Message History

A rat comes into view.
Found a runed scale mail.
A rat is nearby!
There is an open door here.
The rat closely misses you.
You barely miss the rat. The rat closely misses you.
You barely miss the rat. The rat closely misses you.
You hit the rat.
You kill the rat!
No target in view!
No target in view!
You see here 26 stones.
The black bear is too close now for your liking.
A black bear is nearby!
The black bear is too close now for your liking.
You feel Trog's fiery rage upon you!
There is a sudden and violent explosion of flames!
The fireball engulfs you!
Ouch! That really hurt!
You die...

......##############.....#.......
......'...................>..#.
......##################.........
.###### ### #...###... .# #..
....... .# .# #.###### ######.###
#### #.#....# #... ..#
...########.#.##.####.###..##
................@...............
##.####.h...#.##.####.#....##...#
#.# #.#####.##.# #.# #.......#
#.# #.#.....##.# #.# #..#.#...
#.# #.#.####.... #.# #.....⌠.#
#.# ##...##.....# #.# .... #...
#.# #.........### #.###.#####..
#.# #.........# #.....#...#..
#.###..)......# #####.....+..


There were no monsters in sight!

Vanquished Creatures
  2 leopard geckos (D:1)
  3 bats (D:1)
  A giant cockroach (D:2)
  3 goblins
  A hobgoblin (D:1)
  3 kobolds
  A quokka (D:2)
  A frilled lizard (D:1)
  A rat (D:1)
16 creatures vanquished.

Notes
Turn   | Place    | Note
-------+----------+-------------------------------------------
     0 | D:1      | epen the Spriggan Berserker began the quest for the Orb.
     0 | D:1      | Reached XP level 1. HP: 11/11 MP: 2/2
     0 | D:1      | Fell from the grace of Trog
   182 | D:1      | Found a shattered altar of Ashenzari.
   206 | D:1      | Noticed a polar bear
   206 | D:1      | Noticed a black bear
   243 | D:1      | Reached XP level 2. HP: 14/16 MP: 3/3
   552 | D:1      | Killed by the fiery rage of Trog

Vault maps used:
D:1:      dpeg_arrival_three_bigger_balls, evilmike_ruin_ashenzari
D:2:      uniq_natasha

Action                   || total
-------------------------++-------
Melee: Short sword       ||    38
Invok: Renounce Religion ||     1
 Stab: Sleeping          ||     1
Armor: Animal skin       ||     4
Dodge: Dodged            ||    51

Table legend:
 A = Spawn XP
 B = Non-spawn XP
 C = Spawn XP percentage of total XP
 D = Spawn monster count
 E = Non-spawn monster count
 F = Spawn count percentage of total count
 G = Total turns spent on level
                    A         B        C        D         E        F      G
               +---------+---------+-------+---------+---------+-------+---------
         Total |       0 |      30 |   0.0 |       0 |      16 |   0.0 |   552
               +---------+---------+-------+---------+---------+-------+---------
           D:1 |       0 |      21 |   0.0 |       0 |      11 |   0.0 |   505
           D:2 |       0 |       9 |   0.0 |       0 |       5 |   0.0 |    47
               +---------+---------+-------+---------+---------+-------+---------
